 Dungeon Sprint DCSS version 0.29.1-1-gd02db6906a (webtiles) character file.

Game seed: 11460012319161445212

118 GigaChad the Covered (level 4, -4/45 HPs)
             Began as a Minotaur Fighter on Sept 19, 2022.
             Killed from afar by an oklob sapling priest (16 damage)
             ... with a splash of acid
             ... in the Dungeon (Sprint IV: "Fedhas' Mad Dash").
             The game lasted 00:01:06 (441 turns).

GigaChad the Covered (Minotaur Fighter)              Turns: 441, Time: 00:01:06

Health: -4/45      AC:  7    Str: 23    XL:     4   Next: 72%
Magic:  3/3        EV:  9    Int:  5    God:
Gold:   63         SH:  5    Dex:  9    Spells: 3/3 levels left

rFire   . . .      SeeInvis .   a - +1 long sword
rCold   . . .      Faith    .   c - +0 buckler
rNeg    . . .      Spirit   .   b - +0 scale mail
rPois   .          Reflect  .   (helmet restricted)
rElec   .          Harm     .   (no cloak)
rCorr   .          Rampage  .   (no gloves)
Will    .....      NoTele   +   (no boots)
Stlth   ..........              k - amulet of invisibility {+Inv}
HPRegen 0.15/turn               (no ring)
MPRegen 0.08/turn               (no ring)

@: no status effects
A: horns 2, retaliatory headbutt
a: Evoke Invisibility


You were in the Dungeon.
You visited 1 branch You collected 63 gold pieces.

Inventory:

Hand Weapons
 a - a +1 long sword (weapon)
Armour
 b - a +0 scale mail (worn)
 c - a +0 buckler (worn)
Jewellery
 k - the amulet of invisibility (around neck) {+Inv}
   (You found it in the Dungeon)

   [amulet of nothing]

   +Inv:      It lets you turn invisible.
Scrolls
 j - 2 scrolls of blinking
Potions
 d - a potion of might
 e - a potion of curing
 f - a potion of heal wounds
 g - a potion of haste
 h - 2 potions of magic
 i - a potion of berserk rage


   Skills:
 + Level 6.8 Fighting
 + Level 4.6 Long Blades
 + Level 7.2 Armour
 + Level 0.2 Dodging
 + Level 7.2 Shields


You had 3 spell levels left.
You didn't know any spells.
Your spell library was empty.

Dungeon Overview and Level Annotations

Branches:
Dungeon (1/1)

Altars:
Cheibriados
Dithmenos
Elyvilon
Gozag
Hepliaklqana
Kikubaaqudgha
Makhleb
Nemelex Xobeh
Okawaru
Qazlal
Ru
Sif Muna
Trog
Uskayaw
Wu Jian
Xom
Yredelemnul
Zin
The Shining One
Jiyva

Annotations:
D exclusion: oklob sapling


Innate Abilities, Weirdness & Mutations

You have a pair of horns on your head.
You reflexively headbutt those who attack you in melee.


Message History

An oklob sapling priest comes into view.
Found three altars.
The oklob sapling priest looks encouraged for a moment.
Marking area around an oklob sapling priest as unsafe for travelling.
There is an open door here.
You open the door.
An oklob sapling comes into view.
Marking area around an oklob sapling as unsafe for travelling.
Found 12 gold pieces.
You fail to use your ability.
There is an open door here.
You completely miss the oklob sapling. You hit the oklob sapling.
The oklob sapling is lightly damaged.
You hit the oklob sapling but do no damage.
You headbutt the oklob sapling.
You destroy the oklob sapling!
Your Armour skill increases to level 7!
Your Shields skill increases to level 7!
You now have 60 gold pieces (gained 9).
You now have 63 gold pieces (gained 3).
There is an open door here.
You fail to use your ability.
Really walk into a travel-excluded area? [Y]es or [N]o only, please.
Really walk into a travel-excluded area? [Y]es or [N]o only, please.
Really walk into a travel-excluded area?
There is an open door here.
Found three altars.
The oklob sapling priest spits acid at you.
The splash of acid hits you!
Found two altars.
The oklob sapling priest mumbles some strange prayers to its god against you.
Something smites you!
* * * LOW HITPOINT WARNING * * *
Found three altars.
The oklob sapling priest spits acid at you.
The splash of acid hits you!
You die...

########################
P#.....#.....#.⌠._._._._
.'.....'.#...'..@._._._.
P#.....#.#...#..._._P_._
###########'##.._._._._.
+...#._._._._._
#...########### #####


You could see an oklob sapling priest.

Vanquished Creatures
  A scorpion (D)
  2 oklob saplings (D)
  A river rat (D)
  A rat (D)
5 creatures vanquished.

Notes
Turn   | Place    | Note
-------+----------+-------------------------------------------
     0 | D        | GigaChad the Minotaur Fighter began the quest for the Orb.
     0 | D        | Reached XP level 1. HP: 19/19 MP: 0/0
    10 | D        | Reached XP level 2. HP: 28/28 MP: 1/1
    16 | D        | Noticed an oklob sapling
    30 | D        | Killed an oklob sapling
    31 | D        | Reached skill level 5 in Fighting
    31 | D        | Reached skill level 5 in Armour
    31 | D        | Reached skill level 5 in Shields
    31 | D        | Reached XP level 3. HP: 36/36 MP: 2/2
    32 | D        | Noticed a scorpion
    32 | D        | Found the amulet of invisibility {+Inv}
    39 | D        | Killed a scorpion
    40 | D        | Reached XP level 4. HP: 21/45 MP: 3/3
   413 | D        | Found an opulent altar of Gozag.
   413 | D        | Found a hazy altar of Hepliaklqana.
   413 | D        | Found a burning altar of Makhleb.
   413 | D        | Found a sparkling altar of Nemelex Xobeh.
   413 | D        | Found a snail-covered altar of Cheibriados.
   413 | D        | Found a sacrificial altar of Ru.
   413 | D        | Found a shimmering blue altar of Sif Muna.
   413 | D        | Found a shimmering altar of Xom.
   413 | D        | Found a basalt altar of Yredelemnul.
   414 | D        | Found a viscous altar of Jiyva.
   414 | D        | Found a bloodstained altar of Trog.
   414 | D        | Found an ornate altar of the Wu Jian Council.
   439 | D        | Found an iron altar of Okawaru.
   439 | D        | Found a shadowy altar of Dithmenos.
   439 | D        | Found a glowing silver altar of Zin.
   440 | D        | Found an ancient bone altar of Kikubaaqudgha.
   440 | D        | Found a hide-covered altar of Uskayaw.
   441 | D        | Found a stormy altar of Qazlal.
   441 | D        | Found a white marble altar of Elyvilon.
   441 | D        | Found a glowing golden altar of the Shining One.
   441 | D        | Killed from afar by an oklob sapling priest

Illustrated notes

Levels and vault maps discovered:
D:        dungeon_sprint_fedhas [sprint_temple]

Skill      XL: |  1  2  3  4 |
---------------+-------------+-----
Fighting       | 4 5 6 |  6.8
Armour         | 4 5 6 7 |  7.2
Shields        | 4 5 6 7 |  7.2
Long Blades    | 3 4 |  4.6
Dodging        | |  0.2

Action                   |  1- 3 |  4- 6 || total
-------------------------+-------+-------++-------
Melee: Long sword        |    11 |     3 ||    14
       Headbutt          |     4 |     1 ||     5
  Use: Scroll            |     1 |       ||     1
Armor: Scale mail        |     7 |       ||     7
Dodge: Dodged            |     4 |       ||     4
Block: Buckler           |     3 |       ||     3
